birgitte, neutral female human Monk ------------- |...........| ------------ |............# |.....<....| ----------- |...........|########-..........| |.......#.| #............|# |..........| |.........| #-------------# |..........| ##.........%.` ########## #@o######## |........... # ---|----.--` # # # |..........| ### # # ` ### # # -----.------ # # `############################## # # ##` # #---.-- -------# ### # ### -----# #|....| |++++.|# # ### ###.....# #|..... |++.+.|# ----.-- # # |...| #|....| |++%..-# |......######### |..>| #-..... |++++.| |.....| # ----- |>...| ------- |.....|## |....| ------- ------ birgitte the Novice Experience level: 5 Strength: 18 Dexterity: 13 Constitution: 12 Intelligence: 11 Wisdom: 11 Charisma: 11 Health: 0(33) Energy: 31(31) Def: 6 Gold: 37 Moves: 1455 Dungeon seed: p_fMrfcyv732SBjQ Game ID: birgitte_1579555513 Your Inventory: Coins $ - 37 gold pieces Weapons j - a +0 orcish spear l - 2 +0 orcish daggers v - a +0 sling w - a +0 crossbow x - a +1 scimitar Armor e - an uncursed +2 pair of leather gloves (being worn) n - an uncursed +1 robe (being worn) r - an uncursed +0 orcish helm (weapon in hand) Comestibles d - 6 uncursed food rations f - 4 uncursed apples g - 7 uncursed oranges h - 4 uncursed fortune cookies k - an uncursed tin of kobold meat Spellbooks a - a blessed spellbook of protection q - an uncursed spellbook of finger of death s - a blessed spellbook of force bolt u - an uncursed spellbook of magic missile Wands m - a wand of light (0:13) Tools i - a magic marker (0:41) Spells and supernatural/magical abilities: Name Level Category Fail Memory p - protection 1 clerical 0% 100% W - pray for help -- divine ? -- Your skills at the end: Fighting Skills martial arts [Basic] Weapon Skills Spellcasting Skills healing spells [Basic] Final Attributes: You were piously aligned. You were sleep resistant. You were poison resistant. You saw invisible. You were stealthy. You were fast. You are dead. Vanquished creatures: 2 small mimics a homunculus 2 hill orcs an acid blob 2 gas spores a hobbit 4 giant rats 7 jackals a fox 2 kobolds 2 goblins 3 sewer rats 5 grid bugs 2 lichens a kobold zombie 2 newts 38 creatures vanquished. Voluntary challenges: You followed a strict vegan diet. You were an atheist. You used a wielded weapon 62 times, starting on turn 57. You read items or engraved 11 times, starting on turn 783. You never genocided any monsters. You never polymorphed an object. You never changed form. You used no wishes. You never split a pudding. You never wrote Elbereth's name. You violated your moral code, losing 10 points of alignment, starting on turn 992. Dungeon overview: The Dungeons of Doom: levels 1 to 4 Level 1 a long staircase Level 2 an altar to Chih Sung-tzu Level 3 a general store Level 4 <- You were here a bookstore, a sink a long staircase History has recorded: On T:1 you entered the Dungeons of Doom to retrieve the Amulet of Yendor! On T:247 you reached level 2 of The Dungeons of Doom. On T:684 you advanced to experience level 2. On T:696 you reached level 3 of The Dungeons of Doom. On T:906 you advanced to experience level 3. On T:1055 you advanced to experience level 4. On T:1137 you reached level 4 of The Dungeons of Doom. On T:1375 you advanced to experience level 5. Score breakdown: Gold: 37 ( 5373 points) Experience: 5 levels (11141 points) Exploration: 4 levels ( 7.69%) ( 7276 points) Discoveries: 2 items ( 0.71%) ( 2535 points) Valuables value: (no points given unless you survive) Artifact value: 0 ( 0 points) Variety of kills: 16 monsters ( 4.20%) ( 6147 points) Turncount: 1455 turns ( 0 points) Survival: died (score multiplied by 80%) Total score: 25977 Latest messages: You are now wielding your curved sword. You miss the hill orc. The hill orc hits! You miss the hill orc. (2x) The hill orc misses. You hit the hill orc. The hill orc misses. You hit the hill orc. You miss the hill orc. (2x) The hill orc hits! You miss the hill orc. The hill orc hits! You miss the hill orc. The hill orc hits! (2x) You kill the hill orc! There are a few objects here. r - an orcish helm. You are hit by a crude dagger. You hit the hill orc! The hill orc hits! You are now wielding your orcish helm. The hill orc hits! You die... Final status: Goodbye birgitte the Monk, killed by a hill orc... You died in The Dungeons of Doom on dungeon level 4 with 25977 points, and 37 pieces of gold, after 1455 moves. You were level 5 with a maximum of 33 hit points when you died.